Map: Abyssal Reef LE

Players

Lambo - Winner!

  • Race: Zerg Zerg
  • Spawn Location: 11:00

Bones

  • Race: Protoss Protoss
  • Spawn Location: 5:00

Event: WCS Montreal 2017

VOD

Have the link to the VOD?

Description

Time

  • Played on: Sept. 8, 2017, 11:21 a.m.
  • Length: 10:15

All games in this series

Show
View Real Time Build Order
Export as new Build Order

Lambo Zerg - Winner!

Build Orders: Hatch First 

Get SALT Encoding   

  12  0:00  Drone  
  13  0:12  Overlord  
  13  0:17  Drone  
  14  0:32  Drone  
  15  0:45  Hatchery  
  15  0:49  Drone  
  15  0:52  Drone  
  15  0:56  Drone  
  17  1:01  Drone  
  18  1:10  Extractor  
  17  1:16  Spawning Pool  
  16  1:20  Drone  
  16  1:23  Drone  
  18  1:33  Drone  
  19  1:45  Overlord  
  19  1:54  Drone  
  19  2:01  Drone  
  21  2:03  Queen x2  
  21  2:05  Zergling x2  
  26  2:09  Zergling x2  
  26  2:12  Metabolic Boost  
  27  2:17  Drone  
  27  2:19  Drone  
  29  2:28  Drone  
  30  2:31  Drone  
  31  2:45  Hatchery  
  31  2:47  Drone  
  31  2:50  Pneumatized Carapace  
  31  2:58  Drone  
  31  3:00  Drone  
  33  3:07  Drone x2  
  33  3:08  Overlord  
  33  3:12  Overlord  
  35  3:15  Drone  
  36  3:27  Zergling x6  
  36  3:30  Drone x3  
  44  3:39  Spore Crawler  
  44  3:40  Spore Crawler  
  44  3:41  Queen  
  40  3:45  Drone x2  
  40  3:48  Drone x3  
  46  3:51  Drone  
  44  3:57  Drone  
  45  4:06  Evolution Chamber  
  45  4:07  Zergling x2  
  45  4:11  Overlord  
  45  4:16  Queen  
  45  4:18  Drone x2  
  45  4:21  Spore Crawler  
  45  4:22  Drone x3  
  51  4:25  Drone x2  
  53  4:34  Drone x2  
  53  4:35  Spore Crawler  
  53  4:36  Zerg Melee Weapons Level 1  
  54  4:45  Drone x4  
  57  4:46  Overlord  
  57  4:47  Queen  
  61  4:52  Drone  
  61  4:53  Drone x2  
  61  4:58  Overlord  
  63  5:02  Drone x2  
  63  5:06  Queen  
  67  5:07  Overlord  
  67  5:09  Lair  
  67  5:16  Zergling x4  
  67  5:17  Zergling x4  
  67  5:20  Zergling x4  
  67  5:21  Zergling x6  
  76  5:26  Queen  
  78  5:32  Drone  
  78  5:33  Drone x5  
  84  5:38  Extractor  
  84  5:39  Extractor  
  84  5:40  Overlord  
  84  5:41  Extractor x3, Drone x3  
  82  5:47  Baneling Nest  
  80  5:51  Overlord  
  79  6:01  Drone x8  
  86  6:04  Hatchery  
  86  6:05  Drone x3  
  88  6:12  Drone x2  
  88  6:15  Drone x2  
  88  6:17  Spore Crawler x2  
  90  6:20  Drone  
  90  6:21  Drone x2  
  90  6:22  Spore Crawler  
  92  6:26  Overlord  
  92  6:31  Hydralisk Den  
  92  6:32  Drone  
  92  6:33  Infestation Pit  
  92  6:35  Drone x2  
  92  6:36  Drone x3  
  96  6:41  Drone  
  96  6:43  Queen  
  96  6:44  Spore Crawler  
  96  6:45  Spore Crawler  
  97  6:50  Drone  
  97  6:51  Drone, Zerg Missile Weapons Level 1  
  97  6:52  Overlord  
  99  6:54  Overlord  
  99  6:55  Overlord  
  99  7:05  Muscular Augments  
  99  7:11  Hydralisk  
  99  7:12  Extractor, Hydralisk x3  
  105  7:16  Extractor  
  105  7:18  Hydralisk  
  105  7:19  Hydralisk x3  
  110  7:23  Queen  
  110  7:24  Queen  
  110  7:25  Drone x2  
  110  7:26  Drone x2  
  110  7:27  Drone x2  
  118  7:37  Overlord  
  118  7:39  Overseer  
  118  7:40  Infestor x4  
  118  7:43  Overlord  
  126  7:44  Overlord  
  126  7:45  Overlord  
  126  7:47  Overlord  
  126  7:52  Overlord  
  125  8:02  Hydralisk  
  125  8:03  Hydralisk x5  
  139  8:07  Baneling x3  
  139  8:14  Centrifical Hooks  
  139  8:17  Hydralisk x2  
  139  8:19  Overseer  
  145  8:26  Hydralisk x3  
  145  8:27  Zergling x6, Hydralisk  
  141  8:28  Zergling x2  
  141  8:32  Zergling x2  
  141  8:33  Zergling x4  
  155  8:34  Zergling x2, Hydralisk  
  155  8:35  Zergling x10  
  155  8:38  Burrow  
  155  8:40  Hydralisk x2  
  167  8:43  Hydralisk  
  169  8:48  Zergling x2  
  169  8:49  Zergling x8  
  169  8:53  Zergling x4  
  175  9:04  Overlord x2, Baneling x9  
  175  9:08  Overlord  
  175  9:10  Overlord  
  175  9:16  Overlord  
  175  9:17  Baneling  
  175  9:18  Baneling x11  
  175  9:22  Hydralisk  
  175  9:23  Hydralisk x4  
  185  9:26  Hydralisk  
  185  9:27  Zergling x2  
  188  9:33  Zergling x12  
  188  9:37  Zergling x2  
  188  9:38  Zergling x2  
  196  9:41  Hydralisk  
Show
View Real Time Build Order
Export as new Build Order

Bones Protoss 

Build Orders: 1 Gate Expand, Oracle Opening 

Get SALT Encoding   

  12  0:01  Probe (Chrono Boost)  
  13  0:11  Probe (Chrono Boost)  
  14  0:20  Pylon  
  14  0:22  Probe (Chrono Boost)  
  15  0:38  Probe (Chrono Boost), Gateway  
  16  0:48  Probe (Chrono Boost)  
  17  0:50  Assimilator  
  17  0:59  Probe (Chrono Boost)  
  19  1:11  Probe (Chrono Boost)  
  19  1:21  Probe (Chrono Boost)  
  20  1:26  Nexus  
  20  1:32  Probe (Chrono Boost)  
  21  1:41  Cybernetics Core  
  21  1:44  Probe (Chrono Boost)  
  22  1:51  Assimilator  
  22  1:55  Probe (Chrono Boost)  
  23  2:02  Pylon  
  23  2:18  Warp Gate  
  23  2:20  Probe, Adept (Chrono Boost)  
  26  2:32  Probe  
  26  2:37  Stargate  
  26  2:38  Probe  
  29  2:44  Probe, Adept (Chrono Boost)  
  29  2:48  Probe  
  31  2:56  Probe  
  32  2:59  Probe  
  33  3:08  Probe  
  33  3:09  Probe  
  33  3:10  Adept (Chrono Boost)  
  37  3:20  Probe x2  
  37  3:23  Oracle (Chrono Boost)  
  37  3:24  Pylon  
  42  3:30  Probe  
  42  3:33  Probe  
  44  3:41  Probe  
  42  3:57  Oracle (Chrono Boost)  
  42  4:01  Assimilator x2  
  43  4:04  Gateway  
  43  4:06  Probe  
  43  4:08  Probe  
  45  4:10  Pylon  
  45  4:16  Pylon  
  45  4:17  Probe  
  45  4:20  Probe  
  45  4:23  Stargate  
  47  4:27  Adept  
  49  4:35  Void Ray (Chrono Boost)  
  53  4:38  Probe  
  53  4:40  Probe  
  55  4:49  Probe  
  55  4:52  Probe  
  57  4:59  Probe  
  57  5:04  Probe  
  59  5:07  Zealot x2  
  59  5:11  Probe  
  64  5:15  Oracle x2 (Chrono Boost)  
  70  5:21  Pylon  
  70  5:25  Nexus  
  70  5:28  Pylon  
  70  5:32  Probe x2  
  69  5:44  Probe x2  
  69  5:47  Oracle x2 (Chrono Boost)  
  77  5:51  Adept x2  
  77  5:56  Probe  
  83  6:08  Probe  
  83  6:09  Mothership Core  
  85  6:20  Probe  
  86  6:27  Pylon x2  
  86  6:35  Twilight Council, Forge x2  
  86  6:36  Probe  
  86  6:37  Probe, Oracle x2 (Chrono Boost)  
  86  6:38  Probe  
  95  6:44  Zealot x2  
  99  6:49  Probe  
  99  6:51  Probe  
  99  6:53  Probe  
  102  7:01  Probe  
  103  7:02  Probe  
  103  7:05  Probe  
  105  7:09  Assimilator  
  105  7:10  Assimilator  
  105  7:12  Oracle x2 (Chrono Boost)  
  105  7:15  Protoss Ground Weapons Level 1  
  111  7:19  Probe, Protoss Ground Armor Level 1  
  111  7:20  Probe  
  111  7:21  Probe  
  110  7:26  Gateway  
  110  7:27  Gateway  
  110  7:28  Gateway  
  110  7:29  Gateway  
  110  7:30  Probe  
  110  7:33  Probe x2  
  110  7:34  Pylon  
  113  7:38  Charge (Chrono Boost)  
  113  7:45  Probe x3, Gateway  
  113  7:46  Gateway  
  113  7:47  Pylon  
  115  7:51  Oracle  
  115  7:52  Oracle  
  115  7:54  Pylon  
  120  8:08  Pylon  
  120  8:11  Robotics Facility  
  120  8:15  Pylon  
  120  8:19  Zealot x2  
  122  8:35  Gateway  
  122  8:38  Oracle x2, Pylon  
  128  8:51  Zealot x2  
  128  8:52  Zealot x2  
  136  8:57  Nexus, Templar Archives  
  136  8:59  Pylon  
  136  9:05  Observer  
  137  9:17  Zealot x5  
  137  9:18  Zealot  
  149  9:24  Pylon  
  149  9:26  Warp Prism, Pylon  
  151  9:37  High Templar x4  
  159  9:41  Archon  
  159  9:42  Archon  
  151  9:53  Zealot x3  
  151  9:54  Zealot  
Tags
 
Add a new tag
Caveats
  • Supply blocks, unpowered buildings, or Contaminate may cause inaccurate times.
  • Supply counts are checked every 10 seconds.